TL
ROUND ROCK EXPRESS @ EL PASO CHIHUAHUAS
05/16/1982
 
TOP OF THE 1ST
Round Rock Express batting - Pitching for El Paso Chihuahuas : RHP Tom Smith
Pitching: RHP Tom Smith
Batting: LHB Steve Lyons 0-0: Swinging Strike
0-1: Swinging Strike
0-2: Ground out 3-1 (Groundball, 34, EV 85.0 MPH)
Batting: LHB Luis Armijo 0-0: Ball
1-0: Called Strike
1-1: Ball
2-1: Foul Ball, location: 2F
2-2: Ball
3-2: Base on Balls
Batting: RHB Alejandro Sanchez 0-0: Ball
1-0: Ball
2-0: Fielders Choice at 2nd, 5-4 (Groundball, 56, EV 84.4 MPH)
Batting: LHB Al Chambers 0-0: Ball
Alejandro Sanchez is caught stealing 2nd base 2-6
Top of the 1st over - 0 runs, 0 hits, 0 errors, 0 left on base; Round Rock 0 - El Paso 0
BOTTOM OF THE 1ST
El Paso Chihuahuas batting - Pitching for Round Rock Express : RHP Jesus Laguna
Pitching: RHP Jesus Laguna
Batting: LHB Andy Van Slyke 0-0: SINGLE (Line Drive, 6MD, EV 95.6 MPH)
Batting: RHB Steven Murray 0-0: Ball
1-0: Called Strike
1-1: Swinging Strike
1-2: Ball
2-2: Ball
3-2: Foul Ball, location: 2F
3-2: Strikes out swinging
Batting: RHB Jesse Vann 0-0: Ball
1-0: Swinging Strike
1-1: Ball
2-1: Ball
3-1: Fly out, F6 (Flyball, 56D, EV 91.3 MPH)
Batting: RHB Bill Lyons 0-0: Fielders Choice at 2nd, 6-4 (Groundball, 6, EV 80.6 MPH)
Bottom of the 1st over - 0 runs, 1 hit, 0 errors, 1 left on base; Round Rock 0 - El Paso 0
TOP OF THE 2ND
Round Rock Express batting - Pitching for El Paso Chihuahuas : RHP Tom Smith
Batting: LHB Al Chambers 0-0: Foul Ball, location: 2F
0-1: Ball
1-1: Ball
2-1: Foul Ball, location: 2F
2-2: Ball
3-2: Base on Balls
Pitching: RHP Alejandro Pena
Batting: RHB Martyn Maxwell 0-0: Called Strike
0-1: Ball
Al Chambers steals 2nd base
1-1: Ball
2-1: Foul Ball, location: 2F
2-2: Ball
3-2: Base on Balls
Batting: LHB Dave Sanchez 0-0: Ground out 4-3 (Groundball, 4S, EV 73.8 MPH)
Al Chambers to third
Martyn Maxwell to second
Batting: RHB Gerald Miller 0-0: Ball
1-0: Ball
2-0: Ball
3-0: Base on Balls
Batting: LHB James Jennings 0-0: Ball
1-0: Ball
2-0: Ball
3-0: Base on Balls
Al Chambers scores
Martyn Maxwell to third
Gerald Miller to second
Batting: RHB Mike Sodders 0-0: Called Strike
0-1: SINGLE (Line Drive, 56, EV 98.8 MPH)
Martyn Maxwell scores
Gerald Miller to third
James Jennings to second
Batting: LHB Steve Lyons 0-0: SINGLE (Flyball, 5D, EV 84.4 MPH)
Gerald Miller scores
James Jennings to third
Mike Sodders to second
Batting: LHB Luis Armijo 0-0: Ball
1-0: Ball
2-0: Called Strike
2-1: Swinging Strike
2-2: Foul Ball, location: 2F
2-2: Fly out, F9 (Line Drive, 9D, EV 111.3 MPH)
Runner from 3rd tags up, SCORES, throw by RF
Mike Sodders to third
Batting: RHB Alejandro Sanchez 0-0: Ball
1-0: Called Strike
1-1: Ball
2-1: Ball
3-1: Foul Ball, location: 2F
3-2: Ground out 5-3 (Groundball, 56S, EV 69.4 MPH)
Top of the 2nd over - 4 runs, 2 hits, 0 errors, 2 left on base; Round Rock 4 - El Paso 0
BOTTOM OF THE 2ND
El Paso Chihuahuas batting - Pitching for Round Rock Express : RHP Jesus Laguna
Batting: LHB Dan Murphy 0-0: Ball
1-0: SINGLE (Line Drive, 8RS, EV 102.5 MPH)
Batting: RHB Leo George 0-0: Called Strike
0-1: Fly out, F8 (Flyball, 8RXD, EV 85.6 MPH)
Batting: SHB Manuel Adams 0-0: Called Strike
0-1: Ball
1-1: Ball
2-1: Called Strike
2-2: Foul Ball, location: 2F
2-2: Foul Ball, location: 2F
2-2: SINGLE (Line Drive, 78S, EV 101.9 MPH)
Dan Murphy to second
Batting: RHB William Parmenter 0-0: Foul Ball, location: 2F
0-1: Ball
1-1: Ball
2-1: Grounds into double play, 4-6-3 (Groundball, 4S, EV 86.9 MPH)
Bottom of the 2nd over - 0 runs, 2 hits, 0 errors, 1 left on base; Round Rock 4 - El Paso 0
TOP OF THE 3RD
Round Rock Express batting - Pitching for El Paso Chihuahuas : RHP Alejandro Pena
Batting: LHB Al Chambers 0-0: Foul Ball, location: 2F
0-1: Ball
1-1: Foul Ball, location: 2F
1-2: Ball
2-2: Ball
3-2: SINGLE (Line Drive, 56D, EV 99.4 MPH)
Batting: RHB Martyn Maxwell 0-0: Ball
Al Chambers steals 2nd base
1-0: Called Strike
1-1: Ball
2-1: Foul Ball, location: 2F
2-2: SINGLE (Flyball, 78S, EV 93.1 MPH)
Al Chambers to third
Runner from 3rd tries for Home, SAFE, throw by CF to home
Batting: LHB Dave Sanchez 0-0: Ball
1-0: Ball
2-0: Foul Ball, location: 2F
2-1: Swinging Strike
2-2: DOUBLE (Line Drive, 89XD, EV 110.6 MPH)
Martyn Maxwell to third
Runner from 3rd tries for Home, SAFE, no throw by CF
Batting: RHB Gerald Miller 0-0: Ground out 5-3 (Groundball, 56, EV 82.5 MPH)
Batting: LHB James Jennings 0-0: Ball
1-0: Foul Ball, location: 2F
1-1: Ball
2-1: SINGLE (Line Drive, 34, EV 108.8 MPH)
Dave Sanchez to third
Batting: RHB Mike Sodders 0-0: Ball
1-0: Foul Ball, location: 2F
1-1: 3-RUN HOME RUN (Flyball, 78XD, EV 100.6 MPH), Distance : 429 ft
Pitching: RHP Jerry Littmann
Batting: LHB Steve Lyons 0-0: Ball
1-0: Swinging Strike
1-1: Ball
2-1: Fly out, F6 (Popup, 6M, EV 60.0 MPH)
Batting: LHB Luis Armijo 0-0: Ball
1-0: Ball
2-0: Ground out 5-3 (Groundball, 5, EV 90.0 MPH)
Top of the 3rd over - 5 runs, 5 hits, 0 errors, 0 left on base; Round Rock 9 - El Paso 0
BOTTOM OF THE 3RD
El Paso Chihuahuas batting - Pitching for Round Rock Express : RHP Jesus Laguna
Batting: RHB Cliff Wherry 0-0: Called Strike
0-1: Ball
1-1: SINGLE (Groundball, 34D, EV 101.3 MPH)
Batting: LHB Andy Van Slyke 0-0: Called Strike
0-1: Ball
1-1: SINGLE (Line Drive, 89S, EV 95.6 MPH)
Cliff Wherry to second
Batting: RHB Steven Murray 0-0: Ball
1-0: Ball
2-0: Ball
3-0: Base on Balls
Cliff Wherry to third
Andy Van Slyke to second
Batting: RHB Jesse Vann 0-0: Ball
1-0: Called Strike
1-1: Ball
2-1: Swinging Strike
2-2: Strikes out looking
Batting: RHB Bill Lyons 0-0: Ball
1-0: GRAND SLAM HOME RUN (Flyball, 7D, EV 101.3 MPH), Distance : 396 ft
Batting: LHB Dan Murphy 0-0: Foul Ball, location: 2F
0-1: Foul Ball, location: 2F
0-2: TRIPLE (Line Drive, 78XD, EV 112.5 MPH)
Batting: RHB Leo George 0-0: Called Strike
0-1: Fly out, F2 (Popup, 3SF, EV 78.1 MPH)
Batting: SHB Manuel Adams 0-0: Foul Ball, location: 2F
0-1: Ball
1-1: Ball
2-1: Ball
3-1: Ground out U3 (Groundball, 34S, EV 84.4 MPH)
Bottom of the 3rd over - 4 runs, 4 hits, 0 errors, 1 left on base; Round Rock 9 - El Paso 4
TOP OF THE 4TH
Round Rock Express batting - Pitching for El Paso Chihuahuas : RHP Jerry Littmann
Batting: RHB Alejandro Sanchez 0-0: Ball
1-0: SINGLE (Flyball, 89S, EV 90.0 MPH)
Batting: LHB Al Chambers 0-0: Ball
1-0: Called Strike
1-1: Fly out, F9 (Flyball, 9, EV 79.4 MPH)
Batting: RHB Martyn Maxwell 0-0: Ball
1-0: Grounds into double play, 4-6-3 (Groundball, 34, EV 84.4 MPH)
Top of the 4th over - 0 runs, 1 hit, 0 errors, 0 left on base; Round Rock 9 - El Paso 4
BOTTOM OF THE 4TH
El Paso Chihuahuas batting - Pitching for Round Rock Express : RHP Jesus Laguna
Batting: RHB William Parmenter 0-0: Called Strike
0-1: Foul Ball, location: 2F
0-2: Ball
1-2: Ball
2-2: Foul Ball, location: 2F
2-2: Foul Ball, location: 2F
2-2: Ball
3-2: Foul Ball, location: 2F
3-2: SINGLE (Line Drive, 9S, EV 108.1 MPH)
Batting: RHB Cliff Wherry 0-0: Called Strike
0-1: Swinging Strike
0-2: Ball
1-2: Ball
2-2: Ball
3-2: Foul Ball, location: 2F
3-2: Fielders Choice at 2nd, 3-6 (Groundball, 34, EV 76.3 MPH)
Batting: LHB Andy Van Slyke 0-0: Called Strike
0-1: Ball
1-1: Foul Ball, location: 2F
1-2: Ball
2-2: SINGLE (Groundball, 56D, EV 101.3 MPH)
Cliff Wherry to second
Batting: RHB Steven Murray 0-0: Hit by Pitch
Cliff Wherry to third
Andy Van Slyke to second
Batting: RHB Jesse Vann 0-0: Ball
1-0: Ball
2-0: Foul Ball, location: 2F
2-1: Foul Ball, location: 2F
2-2: Fielders Choice at 2nd, 3-6 (Groundball, 34S, EV 85.6 MPH)
Cliff Wherry scores
Andy Van Slyke to third
Batting: RHB Bill Lyons 0-0: Called Strike
0-1: Called Strike
0-2: Ball
1-2: Strikes out swinging
Bottom of the 4th over - 1 run, 2 hits, 0 errors, 2 left on base; Round Rock 9 - El Paso 5
TOP OF THE 5TH
Round Rock Express batting - Pitching for El Paso Chihuahuas : RHP Jerry Littmann
Batting: LHB Dave Sanchez 0-0: Ball
1-0: Ball
2-0: Ball
3-0: Called Strike
3-1: Ground out 6-3 (Groundball, 6, EV 78.1 MPH)
Batting: RHB Gerald Miller 0-0: Ball
1-0: Fly out, F8 (Line Drive, 8LM, EV 100.0 MPH)
Batting: LHB James Jennings 0-0: Called Strike
0-1: Ball
1-1: Ball
2-1: Swinging Strike
2-2: Ground out 6-3 (Groundball, 6M, EV 93.1 MPH)
Top of the 5th over - 0 runs, 0 hits, 0 errors, 0 left on base; Round Rock 9 - El Paso 5
BOTTOM OF THE 5TH
El Paso Chihuahuas batting - Pitching for Round Rock Express : RHP Jesus Laguna
Batting: LHB Dan Murphy 0-0: Foul Ball, location: 2F
0-1: Ball
1-1: SINGLE (Groundball, 4M, EV 83.8 MPH) (infield hit)
Batting: RHB Leo George 0-0: Ball
1-0: Called Strike
1-1: Fly out, F8 (Flyball, 89S, EV 82.5 MPH)
Batting: SHB Manuel Adams 0-0: Ground out 4-3 (Groundball, 34D, EV 103.1 MPH)
Dan Murphy to second
Batting: RHB William Parmenter 0-0: Called Strike
0-1: Ball
1-1: Called Strike
1-2: Foul Ball, location: 2F
1-2: Ball
2-2: Strikes out swinging
Bottom of the 5th over - 0 runs, 1 hit, 0 errors, 1 left on base; Round Rock 9 - El Paso 5
TOP OF THE 6TH
Round Rock Express batting - Pitching for El Paso Chihuahuas : RHP Jerry Littmann
Batting: RHB Mike Sodders 0-0: Foul Ball, location: 2F
0-1: Foul Ball, location: 2F
0-2: Ball
1-2: Ball
2-2: Foul Ball, location: 2F
2-2: SINGLE (Line Drive, 56D, EV 94.4 MPH)
Batting: LHB Steve Lyons 0-0: Ball
1-0: Swinging Strike
1-1: Ball
2-1: Ball
3-1: Foul Ball, location: 2F
3-2: Base on Balls
Mike Sodders to second
Batting: LHB Luis Armijo 0-0: Bunted foul
0-1: Bunted foul
0-2: Ball
Wild Pitch!
Mike Sodders to third
Steve Lyons to second
1-2: Foul Ball, location: 2F
1-2: Ground out 4-3 (Groundball, 4S, EV 89.4 MPH)
Mike Sodders scores
Steve Lyons to third
Batting: RHB Alejandro Sanchez 0-0: Swinging Strike
0-1: Ball
1-1: Called Strike
1-2: Foul Ball, location: 2F
1-2: 2-RUN HOME RUN (Flyball, 7LD, EV 90.6 MPH), Distance : 361 ft
Batting: LHB Al Chambers 0-0: Called Strike
0-1: Ball
1-1: Ball
2-1: Swinging Strike
2-2: SINGLE (Groundball, 34S, EV 81.9 MPH) (infield hit)
Batting: RHB Martyn Maxwell 0-0: Called Strike
0-1: Ball
1-1: Ball
2-1: Ball
3-1: Base on Balls
Al Chambers to second
Batting: LHB Dave Sanchez Balk!
Al Chambers to third
Martyn Maxwell to second
0-0: Ball
1-0: Ball
2-0: Called Strike
2-1: Ball
3-1: Base on Balls
Pitching: RHP Gordon Gauntlett
Batting: RHB Gerald Miller 0-0: Ball
1-0: Grounds into double play, 3-6-3 (Groundball, 3, EV 80.6 MPH)
Top of the 6th over - 3 runs, 3 hits, 0 errors, 2 left on base; Round Rock 12 - El Paso 5
BOTTOM OF THE 6TH
El Paso Chihuahuas batting - Pitching for Round Rock Express : RHP Jesus Laguna
Batting: RHB Cliff Wherry 0-0: TRIPLE (Line Drive, 89XD, EV 108.1 MPH)
Batting: LHB Andy Van Slyke 0-0: Ball
1-0: Swinging Strike
1-1: Ball
2-1: Foul Ball, location: 2F
2-2: Foul Ball, location: 2F
2-2: Foul Ball, location: 2F
2-2: Foul Ball, location: 2F
2-2: Foul Ball, location: 2F
2-2: Fly out, F7 (Flyball, 7LS, EV 91.3 MPH)
Pitching: RHP Jeff Keener
Batting: RHB Steven Murray 0-0: Ball
1-0: Ball
2-0: Ball
3-0: Base on Balls
Batting: RHB Jesse Vann 0-0: Ball
1-0: Foul Ball, location: 2F
1-1: Ball
2-1: Ball
3-1: Foul Ball, location: 2F
3-2: Base on Balls
Steven Murray to second
Batting: RHB Bill Lyons 0-0: Foul Ball, location: 2F
0-1: Ball
1-1: Called Strike
1-2: Ball
2-2: Fielders Choice at 2nd, 5-4 (Groundball, 25, EV 84.4 MPH)
Cliff Wherry scores
Steven Murray to third
Batting: LHB Dan Murphy 0-0: Called Strike
0-1: Ball
1-1: Ground out 4-3 (Groundball, 4, EV 101.3 MPH)
Bottom of the 6th over - 1 run, 1 hit, 0 errors, 2 left on base; Round Rock 12 - El Paso 6
TOP OF THE 7TH
Round Rock Express batting - Pitching for El Paso Chihuahuas : RHP Gordon Gauntlett
Batting: LHB James Jennings 0-0: Ball
1-0: SINGLE (Line Drive, 4D, EV 95.0 MPH)
Batting: RHB Mike Sodders 0-0: Foul Ball, location: 2F
0-1: Swinging Strike
0-2: Fly out, F8 (Line Drive, 8RD, EV 102.5 MPH)
Batting: LHB Steve Lyons 0-0: Ball
1-0: Foul Ball, location: 2F
1-1: Ball
2-1: Called Strike
2-2: Fly out, F7 (Flyball, 7D, EV 93.1 MPH)
Batting: LHB Luis Armijo 0-0: Ball
1-0: Ball
2-0: Swinging Strike
2-1: Ball
3-1: Base on Balls
James Jennings to second
Batting: RHB Alejandro Sanchez 0-0: Ball
1-0: Called Strike
1-1: Foul Ball, location: 2F
1-2: Ball
2-2: Foul Ball, location: 2F
2-2: Fielders Choice at 2nd, 5-4 (Groundball, 56, EV 83.8 MPH)
Top of the 7th over - 0 runs, 1 hit, 0 errors, 2 left on base; Round Rock 12 - El Paso 6
BOTTOM OF THE 7TH
El Paso Chihuahuas batting - Pitching for Round Rock Express : RHP Jeff Keener
Batting: RHB Leo George 0-0: Ball
1-0: Ball
2-0: Ball
3-0: Base on Balls
Batting: SHB Manuel Adams 0-0: Ball
1-0: Foul Ball, location: 2F
1-1: Swinging Strike
1-2: Ball
2-2: Strikes out swinging
Batting: RHB William Parmenter 0-0: Called Strike
0-1: Foul Ball, location: 2F
0-2: Strikes out swinging
Batting: RHB Cliff Wherry 0-0: Ball
1-0: Called Strike
1-1: Foul Ball, location: 2F
1-2: Ball
2-2: Ground out 6-3 (Groundball, 6S, EV 90.0 MPH)
Bottom of the 7th over - 0 runs, 0 hits, 0 errors, 1 left on base; Round Rock 12 - El Paso 6
TOP OF THE 8TH
Round Rock Express batting - Pitching for El Paso Chihuahuas : RHP Gordon Gauntlett
Batting: LHB Al Chambers 0-0: Ball
1-0: Ball
2-0: Called Strike
2-1: Ball
3-1: Base on Balls
Batting: RHB Martyn Maxwell 0-0: Ball
1-0: 2-RUN HOME RUN (Flyball, 9D, EV 100.0 MPH), Distance : 384 ft
Batting: LHB Dave Sanchez 0-0: Ball
1-0: Called Strike
1-1: Swinging Strike
1-2: Ball
2-2: Ball
3-2: Base on Balls
Batting: RHB Gerald Miller 0-0: Foul Ball, location: 2F
0-1: Ball
1-1: Foul Ball, location: 2F
1-2: Ball
2-2: Foul Ball, location: 2F
2-2: Grounds into double play, 4-6-3 (Groundball, 4, EV 96.3 MPH)
Batting: LHB James Jennings 0-0: Foul Ball, location: 2F
0-1: Swinging Strike
0-2: Ball
1-2: Ball
2-2: Ball
3-2: Base on Balls
Batting: RHB Mike Sodders 0-0: Foul Ball, location: 2F
Pickoff Throw to First - Out! 1-3
Top of the 8th over - 2 runs, 1 hit, 0 errors, 0 left on base; Round Rock 14 - El Paso 6
BOTTOM OF THE 8TH
El Paso Chihuahuas batting - Pitching for Round Rock Express : RHP Jeff Keener
Batting: LHB Andy Van Slyke 0-0: Ball
1-0: Foul Ball, location: 2F
1-1: Ground out U3 (Groundball, 3, EV 85.0 MPH)
Pinch Hitting: LHB Rick DeLoach 0-0: Ball
1-0: Ball
2-0: Ground out 6-3 (Groundball, 6, EV 87.5 MPH)
Pinch Hitting: RHB Stine Poole 0-0: Foul Ball, location: 2F
0-1: Ball
1-1: Ground out 5-3 (Groundball, 56S, EV 67.5 MPH)
Bottom of the 8th over - 0 runs, 0 hits, 0 errors, 0 left on base; Round Rock 14 - El Paso 6
TOP OF THE 9TH
Round Rock Express batting - Pitching for El Paso Chihuahuas : RHP Gordon Gauntlett
Now at 1B: Stine Poole
Now in LF: Rick DeLoach
Batting: RHB Mike Sodders 0-0: Ball
1-0: Foul Ball, location: 2F
1-1: Fly out, F8 (Flyball, 8RM, EV 98.1 MPH)
Batting: LHB Steve Lyons 0-0: Ball
1-0: Swinging Strike
1-1: Foul Ball, location: 2F
1-2: SINGLE (Line Drive, 56D, EV 103.1 MPH)
Batting: LHB Luis Armijo 0-0: Fielders Choice at 2nd, 4-6 (Groundball, 4, EV 85.0 MPH)
Batting: RHB Alejandro Sanchez 0-0: Called Strike
0-1: Fly out, F7 (Flyball, 78D, EV 93.1 MPH)
Top of the 9th over - 0 runs, 1 hit, 0 errors, 1 left on base; Round Rock 14 - El Paso 6
BOTTOM OF THE 9TH
El Paso Chihuahuas batting - Pitching for Round Rock Express : RHP Jeff Keener
Pitching: RHP Bret Cleland
Pinch Hitting: RHB Antonio Pilla 0-0: Ball
1-0: Ball
2-0: Ball
3-0: Base on Balls
Pinch Hitting: RHB Russell Burgin 0-0: Ball
1-0: Grounds into double play, 5-4-3 (Groundball, 5L, EV 106.9 MPH)
Batting: RHB Leo George 0-0: Ball
1-0: Called Strike
1-1: Ball
2-1: Ball
3-1: Fly out, F8 (Flyball, 8RD, EV 108.1 MPH)
Bottom of the 9th over - 0 runs, 0 hits, 0 errors, 0 left on base; Round Rock 14 - El Paso 6
Friday, July 31st, 2020 - OOTP Baseball 21.5 Build 76